 Dungeon Crawl Stone Soup version 0.30.1-11-g7821555f0a (webtiles) character file.

Game seed: 14142656808275438015

196 Ekaitz the Gusty (level 5, 0/30 HPs)
             Began as a Tengu Air Elementalist on Dec 23, 2023.
             Killed by their own static electricity (2 damage)
             ... on level 4 of the Dungeon.
             The game lasted 00:09:42 (3818 turns).

Ekaitz the Gusty (Tengu Air Elementalist)           Turns: 3818, Time: 00:09:43

Health: 0/30       AC:  3    Str:  8    XL:     5   Next: 74%
Magic:  2/9        EV: 15    Int: 18    God:
Gold:   230        SH:  0    Dex: 14    Spells: 2/8 levels left

rFire   . . .        c - +1 long sword (elec)
rCold   . . .        (no shield)
rNeg    . . .        a - +0 robe
rPois   .            (helmet restricted)
rElec   .            (no cloak)
rCorr   .            v - +0 pair of gloves
SInv    .            (boots unavailable)
Will    .....        (no amulet)
Stlth   ++           (no ring)
HPRegen 0.25/turn    (no ring)
MPRegen 0.11/turn

%: no passive effects
@: flying quickly and evasively, quick
A: beak, talons 3, nimble flight
a: no special abilities


You were on level 4 of the Dungeon.
You visited 1 branch of the dungeon, and saw 4 of its levels.

You collected 230 gold pieces.

Inventory:

Hand Weapons
 c - a +1 long sword of electrocution (weapon)
 s - the +11 sling of Intimidation {heavy, rC- rN++ Dex+6}
   (You found it on level 3 of the Dungeon)

   Dex:       It affects your dexterity (+6).
   rC:        It makes you vulnerable to cold.
   rN:        It greatly protects you from negative energy.
 y - a +0 dagger of venom
 A - a +2 short sword of holy wrath
Missiles
 i - 8 poisoned darts
 q - a throwing net
Armour
 a - a +0 robe (worn)
 v - a +0 pair of gloves (worn)
 w - the +5 ring mail of the Butcher {rF+}
   (You found it on level 3 of the Dungeon)

   rF:        It protects you from fire.
Magical Staves
 z - a staff of poison
Wands
 x - a wand of polymorph (3)
Scrolls
 f - a scroll of teleportation {unknown}
 g - 2 scrolls of identify {unknown}
 h - 3 scrolls of amnesia {unknown}
 m - 3 scrolls of blinking {unknown}
 n - a scroll of vulnerability {unknown}
 p - a scroll of fear {unknown}
 r - a scroll of enchant armour {unknown}
 t - a scroll of magic mapping {unknown}
 u - a scroll of enchant weapon {unknown}
Potions
 b - a potion of magic
 d - 4 potions of haste {unknown}
 e - 3 potions of mutation {unknown}
 j - a potion of flight {unknown}
 k - a potion of attraction {unknown}
 l - a potion of brilliance {unknown}
 o - a potion of heal wounds {unknown}


   Skills:
 * Level 2.3 Fighting
 + Level 0.8 Long Blades
 * Level 2.8 Dodging
 + Level 2.1 Stealth
 + Level 0.1 Unarmed Combat
 + Level 2.4 Spellcasting
 * Level 3.5 Conjurations
 * Level 5.4 Air Magic


You had 2 spell levels left.
You knew the following spells:

 Your Spells              Type           Power      Damage    Failure   Level
a - Shock                 Conj/Air       72%        1d7       2%          1
b - Static Discharge      Conj/Air       36%        2-4/arc   4%          2
c - Swiftness             Air            21%        N/A       5%          3

Your spell library contained the following spells:

 Spells                   Type           Power      Damage    Failure   Level
 Beastly Appendage        Tmut           4%         N/A       17%         1
 Scorch                   Fire           4%         2d5       26%         2
 Sublimation of Blood     Necr           2%         N/A       26%         2
 Wereblood                Tmut           2%         N/A       26%         2
 Airstrike                Air            10%        2d(2-18)  19%         4
 Spider Form              Tmut/Pois      2%         N/A       45%         3
 Flame Wave               Conj/Fire      8%         2d5       63%         4
 Summon Cactus Giant      Summ           1%         N/A       100%        6
 Summon Hydra             Summ           1%         N/A       100%        7


Dungeon Overview and Level Annotations

Branches:
Dungeon (4/15)
 Temple: D:4-7

Altars:
Cheibriados
Makhleb
Uskayaw

Annotations:
D:4 1 transporter


Innate Abilities, Weirdness & Mutations

You have a beak for a mouth.
You have claws for feet.
Your magical nature lets you fly swiftly and evasively.


Message History

The zap hits the black bear.
The black bear is lightly wounded.
Unknown command.
The zap hits the black bear.
The black bear is moderately wounded.
The zap misses the black bear.
The black bear barely misses you. x2
The black bear claws you.
The zap hits the black bear.
The black bear is moderately wounded.
The zap hits the black bear.
The black bear is heavily wounded.
The black bear bites you! The black bear claws you.
The black bear claws you but does no damage.
The zap hits the black bear.
The black bear is heavily wounded.
The zap hits the black bear.
The black bear is severely wounded.
The black bear completely misses you.
The black bear claws you but does no damage.
The black bear claws you.
The zap hits the black bear.
The black bear is severely wounded.
The zap misses the black bear.
The black bear goes berserk!
Unknown command.
The zap hits the black bear.
The black bear is almost dead.
The zap hits the black bear but does no damage.
The black bear is almost dead.
The black bear bites you!
* * * LOW HITPOINT WARNING * * *
The black bear claws you.
* * * LOW HITPOINT WARNING * * *
The black bear misses you.
Okay, then.
Casting: Shock (safe; 2% risk of failure)
Confirm with . or Enter, or press ? or * to list all spells.
The black bear is struck by an arc of lightning.
The black bear is almost dead.
You are struck by an arc of lightning.
You die...

.#...#≈≈...#.......#
#...#..#
##...#≈≈...##......#
##...#.## .
.###≈≈......#.##.###.)..†.#
#8.≈≈......####..#.....###
.##.≈≈.....####..##.)).##
g#.~~......#....÷......#
##.≈≈....................#
#.#8.≈≈...................##
..###≈≈........@..##.....##
#...#≈≈........h..##.....#
#...#≈≈...........#.......#
#####≈≈.##..........#.....#
≈≈≈≈≈≈≈.##....###...#....##
≈≈≈≈≈≈≈.##............
....................#..
.....####....#####..##.
............## .##


You could see a black bear (berserk).

Vanquished Creatures
  Natasha (D:2)
  3 gnolls (D:3)
  4 adders
  A worm (D:2)
  2 dart slugs
  4 orcs (D:4)
  12 ball pythons
  4 endoplasms
  5 giant cockroaches
  5 goblins
  9 hobgoblins
  12 jackals
  2 quokkas
  6 bats
  4 frilled lizards
  4 kobolds
  11 rats
89 creatures vanquished.

Notes
Turn   | Place    | Note
-------+----------+-------------------------------------------
     0 | D:1      | Ekaitz the Tengu Air Elementalist began the quest for the
                  | Orb.
     0 | D:1      | Reached XP level 1. HP: 10/10 MP: 4/4
   127 | D:1      | Reached XP level 2. HP: 15/15 MP: 1/6
   652 | D:1      | Reached XP level 3. HP: 20/20 MP: 0/7
   655 | D:1      | Learned a level 2 spell: Static Discharge
   659 | D:1      | Learned a level 3 spell: Swiftness
  1269 | D:2      | Reached skill level 1 in Fighting
  1878 | D:2      | Reached XP level 4. HP: 25/25 MP: 3/8
  1982 | D:2      | Found a snail-covered altar of Cheibriados.
  1983 | D:2      | Noticed Natasha
  1989 | D:2      | Killed Natasha
  1990 | D:2      | Reached skill level 5 in Air Magic
  2376 | D:3      | Gained mutation: Your magical nature lets you fly swiftly
                  | and evasively. [Tengu growth]
  2376 | D:3      | Reached XP level 5. HP: 30/30 MP: 4/9
  2776 | D:3      | Found a burning altar of Makhleb.
  2837 | D:3      | Identified the +11 sling of Intimidation {heavy, rC- rN++
                  | Dex+6}
  3279 | D:3      | Found a faded altar of an unknown god.
  3283 | D:3      | Found a hide-covered altar of Uskayaw.
  3284 | D:3      | Identified the +5 ring mail of the Butcher {rF+}
  3385 | D:4      | Found a transporter.
  3386 | D:4      | Identified the +11 trident of Hubris {elec, Dex+7}
  3386 | D:4      | Identified the +1 ring mail of Beogh's Righteous Fury
                  | {Will+ rCorr}
  3799 | D:4      | Noticed a black bear
  3818 | D:4      | Killed from afar by themself

Illustrated notes

Levels and vault maps discovered:
D:1:      psy_arrival_whirlpool, layout_basic, minmay_circled_x
D:2:      minmay_wonky_spiral, layout_loops_cross, basic_altar,
          serial_bayou_lagoon_a, amcnicky_mini_rare_corridor_liquid,
          minmay_cupped, uniq_natasha
D:3:      layout_loops_ring, mainiacjoe_overflow_surrounded_room,
          nicolae_overflow_ecumenical_swirl
D:4:      layout_cave_pools, gammafunk_ghost_gnarly_gnolls

Skill      XL: |  1  2  3  4  5 |
---------------+----------------+-----
Fighting       | 1 2 |  2.3
Conjurations   | 2 3 |  3.5
Air Magic      | 5 |  5.4
Long Blades    | |  0.8
Dodging        | |  2.8
Stealth        | |  2.1
Unarmed Combat | |  0.1
Spellcasting   | |  2.4

Action                     |  1- 3 |  4- 6 || total
---------------------------+-------+-------++-------
  Melee: Long sword        |    29 |    27 ||    56
         Unarmed           |     3 |       ||     3
         Kick              |     5 |     3 ||     8
         Peck              |     7 |     5 ||    12
   Cast: Shock             |    54 |    87 ||   141
         Static Discharge  |     1 |     6 ||     7
   Stab: Sleeping          |     3 |     2 ||     5
 Armour: Robe              |     5 |    10 ||    15
  Dodge: Dodged            |    23 |    31 ||    54
